 Dungeon Sprint DCSS version 0.28-a0-909-g796cbd3a86 (webtiles) character file.

Game seed: 14990339440175864064

352927 SmokeWeed the Minotaur Barricade (level 19, -1/186 HPs)
             Began as a Minotaur Gladiator on Nov 24, 2021.
             Was the Champion of Okawaru.
             Splashed by an acid blob's acid (8 damage)
             ... in the Dungeon (Sprint IX: "|||||||||||||||||||||||||||||").
             The game lasted 01:05:54 (9218 turns).

SmokeWeed the Minotaur Barricade (MiGl)             Turns: 9218, Time: 01:05:54

Health: -1/186     AC: 12    Str: 33    XL:     19   Next: 49%
Magic:  35/35      EV: 22    Int:  8    God:    Okawaru [******]
Gold:   1741       SH:  0    Dex: 18    Spells: 31/31 levels left

rFire   + . .      SeeInvis .   V - +3 eudemon blade (holy)
rCold   + . .      Faith    .   x - +2 tower shield of Dust Devil {rN+ Regen+}
rNeg    + . .      Spirit   .   M - +9 gold dragon scales
rPois   +          Reflect  .   L - +2 hat {Stlth+}
rElec   .          Harm     .   N - +0 cloak of the Crushed Ears {Str+8}
rCorr   .          Rampage  .   A - +0 pair of gloves
Will    +....      NoTele   +   O - +2 pair of boots {Fly}
Stlth   ..........              q - amulet of Izaw {+Inv rPois Regen+ Stlth+}
HPRegen 2.41/turn               r - +3 ring of intelligence
MPRegen 0.24/turn               c - +6 ring of dexterity

@: confused, heroic, finesse-ful, corroded, flying
A: horns 2, retaliatory headbutt, iridescent scales 1, clumsy 1, frail 1, no
potion heal 1
}: 6/17 runes: decaying, serpentine, barnacled, elven, silver, gossamer
a: Renounce Religion, Evoke Invisibility, Heroism, Finesse


You were in the Dungeon.
You worshipped Okawaru.
Okawaru was exalted by your worship.
You visited 1 branch You collected 1960 gold pieces.
You spent 219 gold pieces at shops.

Inventory:

Hand Weapons
 b - a +8 vampiric club
 i - the +9 dagger of Pewa {flame, Fly MP+9 Str+2 Dex+4}
   (Okawaru gifted it to you in the Dungeon)

   It burns those it strikes, dealing additional fire damage.
   Str:       It affects your strength (+2).
   Dex:       It affects your dexterity (+4).
   MP:        It affects your magic capacity (+9).
   Fly:       It grants you flight.
 o - a +3 scimitar of flaming
 F - the +3 rapier of the Destroying Wasp {speed, rC- rN+ Str+7}
   (You found it in the Dungeon)

   Attacks with this weapon are significantly faster.
   Str:       It affects your strength (+7).
   rC:        It makes you vulnerable to cold.
   rN:        It protects you from negative energy.
 H - a +9 demon blade of draining
 V - a +3 eudemon blade of holy wrath (weapon)
Missiles
 k - 5 boomerangs (quivered)
 y - 17 atropa-tipped darts
 C - 3 boomerangs of dispersal
 E - 9 datura-tipped darts
 G - a throwing net
 I - 10 curare-tipped darts
 J - 19 silver javelins
 W - 6 javelins
Armour
 u - a +1 buckler of reflection
 x - the +2 tower shield of Dust Devil (worn) {rN+ Regen+}
   (You took it off Louise in the Dungeon)

   rN:        It protects you from negative energy.
   Regen:     It increases your rate of health regeneration.
 A - a +0 pair of gloves (worn)
 D - a +2 chain mail of fire resistance
 L - a +2 hat of stealth (worn)
 M - +9 gold dragon scales (worn)
 N - the +0 cloak of the Crushed Ears (worn) {Str+8}
   (You found it in the Dungeon)

   Str:       It affects your strength (+8).
 O - a +2 pair of boots of flying (worn)
 U - the +3 storm dragon scales "Dodwy" {Drain Fly rElec SInv Stlth+}
   (You found it in the Dungeon)

   rElec:     It insulates you from electricity.
   SInv:      It lets you see invisible.
   Fly:       It grants you flight.
   Drain:     It drains your maximum health when unequipped.
   Stlth:     It makes you more stealthy.
Jewellery
 a - a +6 ring of dexterity
 c - a +6 ring of dexterity (right hand)
 d - the ring "Boeb" {Will+ Str+3 Dex+4}
   (You found it in the Dungeon)

   [ring of willpower]

   Str:       It affects your strength (+3).
   Dex:       It affects your dexterity (+4).
   Will:      It increases your willpower.
 q - the amulet of Izaw (around neck) {+Inv rPois Regen+ Stlth+}
   (You found it in the Dungeon)

   [amulet of regeneration]

   rPois:     It protects you from poison.
   +Inv:      It lets you turn invisible.
   Regen:     It increases your rate of health regeneration.
   Stlth:     It makes you more stealthy.
 r - a +3 ring of intelligence (left hand)
 s - a +4 ring of evasion
 K - the amulet "Amustrumn" {Reflect Str+2 SH+5}
   (You found it in the Dungeon)

   [amulet of reflection]

   It reflects blocked missile attacks.
   Str:       It affects your strength (+2).
   SH:        It affects your SH (+5).
Wands
 n - a wand of iceblast (10)
Scrolls
 j - 7 scrolls of blinking
 m - 2 scrolls of amnesia
 v - 4 scrolls of fear
 w - 3 scrolls of fog
 z - a scroll of magic mapping
 Q - a scroll of immolation
Potions
 e - 11 potions of curing
 f - 6 potions of heal wounds
 g - 9 potions of haste
 h - 10 potions of magic
 l - a potion of berserk rage
 p - a potion of lignification {unknown}
 t - 2 potions of brilliance
 B - a potion of cancellation
 P - a potion of might
 S - a potion of flight {unknown}
Miscellaneous
 R - a tin of tremorstones (2/2)
 T - a box of beasts


   Skills:
 O Level 27 Fighting
 + Level 26.4(27) Short Blades
 O Level 27 Long Blades
 + Level 11.0(26.8) Slings
 O Level 27 Throwing
 O Level 27 Armour
 + Level 22.7(27) Dodging
 + Level 11.1(16.1) Stealth
 O Level 27 Shields
 + Level 12.1(17.1) Unarmed Combat
 + Level 6.8 Spellcasting
 O Level 27 Invocations
 + Level 14.1 Evocations


You had 31 spell levels left.
You didn't know any spells.
Your spell library contained the following spells:

 Spells                   Type           Power      Damage    Failure   Level
 Sting                    Tmut/Pois      8%         1d3       69%         1
 Blink                    Tloc           4%         N/A       83%         2
 Poisonous Vapours        Pois/Air       4%         N/A       83%         2
 Olgreb's Toxic Radiance  Pois           2%         N/A       100%        4
 Manifold Assault         Tloc           2%         N/A       100%        5
 Storm Form               Tmut/Air       1%         N/A       100%        7


Dungeon Overview and Level Annotations

Branches:
Dungeon (1/1)

Altars:
Cheibriados
Dithmenos
Elyvilon
Fedhas
Gozag
Hepliaklqana
Kikubaaqudgha
Makhleb
Nemelex Xobeh
Okawaru
Qazlal
Ru
Sif Muna
Trog
Uskayaw
Vehumet
Wu Jian
Xom
Yredelemnul
Zin
The Shining One
Beogh
Jiyva
Lugonu

Shops:
D *([?


Innate Abilities, Weirdness & Mutations

You have a pair of horns on your head.
You reflexively headbutt those who attack you in melee.
You are partially covered in iridescent scales. (AC +2)
You are clumsy. (Dex -2)
You are frail. (-10% HP)
Potions are less effective at restoring your health.


Message History

You hit the acid blob but do no damage. The acid corrodes you!
Your hands burn!
You headbutt the acid blob.
The acid blob is moderately wounded.
You slash the acid blob!
Your hands burn!
You headbutt the acid blob.
The acid blob is heavily wounded.
The acid blob hits you!
You are splashed with acid!
You slash the acid blob! The acid corrodes you!
Your hands burn!
* * * LOW HITPOINT WARNING * * *
You headbutt the acid blob, but do no damage.
The acid blob is severely wounded.
You hit the acid blob but do no damage.
Your hands burn!
* * * LOW HITPOINT WARNING * * *
You headbutt the acid blob, but do no damage.
The acid blob is severely wounded.
You hit the acid blob but do no damage. The acid corrodes you!
Your hands burn!
* * * LOW HITPOINT WARNING * * *
Your headbutt misses the acid blob.
The acid blob is severely wounded.
The acid blob spits acid at you. The splash of acid hits you!
* * * LOW HITPOINT WARNING * * *
You hit the acid blob but do no damage.
Your hands burn!
* * * LOW HITPOINT WARNING * * *
You headbutt the acid blob, but do no damage.
The acid blob is severely wounded.
You hit the acid blob but do no damage.
Your hands burn!
* * * LOW HITPOINT WARNING * * *
The acid blob is severely wounded.
The acid blob spits acid at you. The splash of acid hits you.
* * * LOW HITPOINT WARNING * * *
The acid corrodes you!
Things that are here:
a +0 scimitar; an elf corpse
Things that are here:
a +0 longbow; 14 arrows; a +0 leather armour You're too confused to move!
The acid blob hits you!!
* * * LOW HITPOINT WARNING * * *
You are splashed with acid!
You die...

)▓.▓.▓.▓)▓.▓.▓.▓)▓,*,*,*,*
)▓)▓.▓.▓)▓.▓.▓.▓)▓,*,*,*,*
.▓.▓.▓.▓.▓.▓'▓.▓)▓,*+*,*,*
)▓.▓[▓.▓)▓.▓.▓.▓)▓,*,*,*,*
)▓.▓.▓.▓.▓.▓'▓.▓)▓,*,*,*,*
.▓.▓.▓.▓.▓.▓.▓.▓)▓,*,*,*,*
.▓.▓[▓.▓.▓.▓'▓.▓)▓,*,*,*,*
.▓.▓[▓.▓)▓.▓[▓.▓)▓,*,*,*,*
.▓.▓.▓.▓†▓.▓'▓.▓@▓,*,*,*,*
)▓.▓.▓.▓.▓.▓.▓.▓J▓,*,*,*,*
)▓)▓.▓.▓.▓.▓.▓.▓)▓,*,*,*,*
.▓.▓.▓.▓)▓.▓[▓.▓J▓,*,*,*,*
)▓.▓.▓[▓)▓.▓.▓.▓J▓,*+*,*,*
)▓.▓.▓.▓)▓.▓.▓.▓.▓,*,*,*,*
)▓.▓.▓.▓[▓.▓.▓.▓.▓,*,*,*,*
)▓.▓.▓.▓.▓.▓.▓.▓)▓,*,*,*,*
)▓.▓.▓.▓[▓.▓.▓.▓.▓,*,*,*+*


You could see 2 acid blobs and an azure jelly.

Vanquished Creatures
  5 ancient liches (D)
  5 orbs of fire (D)
  Mara (D)
  Mennas (D)
  A juggernaut (D)
  Sojobo (D)
  2 Killer Klowns (D)
  2 golden dragons (D)
  Margery (D)
  3 electric golems (D)
  A bone dragon (D)
  A tentacled monstrosity (D)
  Rupert (D)
  27 Orb Guardians (D)
  2 quicksilver dragons (D)
  2 deep elf blademasters (D)
  2 acid blobs (D)
  A lich (D)
  3 deep elf master archers (D)
  3 death cobs (D)
  Frances (D)
  Agnes (D)
  11 shadow dragons (D)
  Kirke (D)
  4 tengu reavers (D)
  A rockslime (D)
  4 storm dragons (D)
  Ilsuiw (D)
  3 deep elf sorcerers (D)
  4 draconian knights (D)
  7 nagarajas (D)
  An iron dragon (D)
  A draconian scorcher (D)
  Louise (D)
  2 vault wardens (D)
  A frost giant (D)
  6 emperor scorpions (D)
  3 draconian stormcallers (D)
  2 draconian shifters (D)
  2 draconian annihilators (D)
  3 very ugly things (D)
  7 stone giants (D)
  4 black draconians (D)
  3 ironbound preservers (D)
  A deep elf demonologist (D)
  A yellow draconian (D)
  2 entropy weavers (D)
  3 purple draconians (D)
  3 red draconians (D)
  8 vampire knights (D)
  A deep elf annihilator (D)
  3 white draconians (D)
  A dire elephant (D)
  2 bunyips (D)
  2 spark wasps (D)
  A merfolk javelineer (D)
  4 deep elf death magi (D)
  Snorg (D)
  3 ettins (D)
  7 merfolk impalers (D)
  4 fire dragons (D)
  2 yaktaur captains (D)
  A naga warrior (D)
  4 deep elf high priests (D)
  Josephine (D)
  9 hydras (D)
  4 great orbs of eyes (D)
  6 ice dragons (D)
  25 vault guards (D)
  3 ogre magi (D)
  A boulder beetle (D)
  An ironbound frostheart (D)
  An ironbound thunderhulk (D)
  5 merfolk avatars (D)
  A ghost crab (D)
  A centaur warrior (D)
  A spriggan air mage (D)
  An anaconda (D)
  A two-headed ogre (D)
  A deep troll shaman (D)
  An alligator (D)
  3 tengu warriors (D)
  2 spriggan berserkers (D)
  6 hell knights (D)
  Sonja (D)
  A sea snake (D)
  4 deep trolls (D)
  A glowing orange brain (D)
  A death drake (shapeshifter) (D)
  A flayed ghost (D)
  A naga ritualist (D)
  4 ironbound convokers (D)
  A bog body (D)
  2 phantasmal warriors (D)
  A harpy (shapeshifter) (D)
  A lindwurm (D)
  7 orc knights (D)
  A harpy (D)
  2 necromancers (D)
  5 swamp dragons (D)
  A mana viper (D)
  4 cyclopes (D)
  2 ugly things (D)
  A wolf spider (D)
  2 manticores (D)
  Joseph (D)
  11 moths of wrath (D)
  A water nymph (D)
  3 black mambas (D)
  2 vault sentinels (D)
  A merfolk siren (D)
  3 naga magi (D)
  2 guardian serpents (D)
  2 cane toads (D)
  Psyche (D)
  3 demonic crawlers (D)
  2 efreet (D)
  A komodo dragon (D)
  2 rime drakes (D)
  A tyrant leech (D)
  2 merfolk (D)
  2 jumping spiders (D)
  A bloated husk (D)
  3 trolls (D)
  5 slime creatures (D)
  A polar bear (D)
  2 blink frogs (D)
  2 tarantellas (D)
  3 redbacks (D)
  11 spriggans (D)
  6 hogs (D)
  3 wraiths (D)
  2 wyverns (D)
  3 yaks (D)
  A basilisk (D)
  A golden eye (D)
  A steam dragon (D)
  A vampire mosquito (D)
  3 nagas (D)
  4 wargs (D)
  An acid dragon (D)
  2 hell hounds (D)
  2 water moccasins (D)
  9 orc warriors (D)
  2 swamp drakes (D)
  2 centaurs (D)
  2 wolves (D)
  3 bullfrogs (D)
  3 orc priests (D)
  3 orc wizards (D)
  9 orcs (D)
  A bat skeleton (D)
  A bat zombie (D)
  3 bats (D)
  A frilled lizard (D)
  A jackal zombie (D)
  A rat (D)
450 creatures vanquished.

Vanquished Creatures (others)
  Nikola (D)
  A vampire mosquito (D)
  An orc wizard (D)
  A giant cockroach simulacrum (D)
4 creatures vanquished.

Grand Total: 454 creatures vanquished

Notes
Turn   | Place    | Note
-------+----------+-------------------------------------------
     0 | D        | SmokeWeed the Minotaur Gladiator began the quest for the
                  | Orb.
     0 | D        | Reached XP level 1. HP: 18/18 MP: 0/0
    74 | D        | Reached XP level 2. HP: 20/25 MP: 1/1
   135 | D        | Found a snail-covered altar of Cheibriados.
   135 | D        | Found a shadowy altar of Dithmenos.
   135 | D        | Found a white marble altar of Elyvilon.
   135 | D        | Found a blossoming altar of Fedhas.
   135 | D        | Found an opulent altar of Gozag.
   136 | D        | Found a hazy altar of Hepliaklqana.
   137 | D        | Found a viscous altar of Jiyva.
   138 | D        | Found an ancient bone altar of Kikubaaqudgha.
   139 | D        | Found a corrupted altar of Lugonu.
   140 | D        | Found a burning altar of Makhleb.
   141 | D        | Found a sparkling altar of Nemelex Xobeh.
   142 | D        | Found an iron altar of Okawaru.
   143 | D        | Found a stormy altar of Qazlal.
   144 | D        | Found a sacrificial altar of Ru.
   145 | D        | Found a shimmering blue altar of Sif Muna.
   146 | D        | Found a bloodstained altar of Trog.
   147 | D        | Found a hide-covered altar of Uskayaw.
   148 | D        | Found a radiant altar of Vehumet.
   149 | D        | Found an ornate altar of the Wu Jian Council.
   150 | D        | Became a worshipper of Warmaster Okawaru
   151 | D        | Found a shimmering altar of Xom.
   152 | D        | Found a basalt altar of Yredelemnul.
   153 | D        | Found a glowing silver altar of Zin.
   154 | D        | Found a glowing golden altar of the Shining One.
   301 | D        | Noticed a centaur
   301 | D        | Noticed a yak
   301 | D        | Noticed a two-headed ogre
   301 | D        | Noticed a centaur
   301 | D        | Noticed a steam dragon
   303 | D        | Killed a centaur
   303 | D        | Reached * piety under Okawaru
   304 | D        | Reached XP level 3. HP: 35/35 MP: 2/2
   304 | D        | Reached XP level 4. HP: 41/41 MP: 3/3
   305 | D        | Killed a yak
   305 | D        | Reached ** piety under Okawaru
   306 | D        | Reached skill level 1 in Stealth
   306 | D        | Reached XP level 5. HP: 50/50 MP: 4/4
   308 | D        | Killed a two-headed ogre
   308 | D        | Reached *** piety under Okawaru
   308 | D        | Received a gift from Okawaru
   308 | D        | Received a gift from Okawaru
   309 | D        | Reached skill level 5 in Throwing
   309 | D        | Reached skill level 10 in Dodging
   309 | D        | Reached XP level 6. HP: 61/61 MP: 5/5
   309 | D        | Reached XP level 7. HP: 68/68 MP: 6/6
   318 | D        | Killed a steam dragon
   319 | D        | Reached XP level 8. HP: 41/74 MP: 7/7
   535 | D        | Noticed a purple ugly thing
   535 | D        | Noticed a cyclops
   535 | D        | Noticed a centaur warrior
   541 | D        | Killed a purple ugly thing
   541 | D        | Reached **** piety under Okawaru
   544 | D        | Killed a cyclops
   556 | D        | Killed a centaur warrior
   556 | D        | Reached ***** piety under Okawaru
   556 | D        | Received a gift from Okawaru
   557 | D        | Reached skill level 10 in Fighting
   557 | D        | Reached skill level 15 in Long Blades
   557 | D        | Reached XP level 9. HP: 73/86 MP: 6/8
   722 | D        | Noticed an eight-headed hydra
   722 | D        | Noticed a komodo dragon
   722 | D        | Noticed a cane toad
   722 | D        | Noticed a rime drake
   726 | D        | Killed a five-headed hydra
   726 | D        | Received a gift from Okawaru
   726 | D        | Noticed a cane toad
   730 | D        | Killed a rime drake
   731 | D        | Killed a komodo dragon
   731 | D        | Received a gift from Okawaru
   731 | D        | Killed a cane toad
   732 | D        | Reached skill level 10 in Armour
   732 | D        | Reached XP level 10. HP: 70/96 MP: 1/11
   737 | D        | Killed a cane toad
   737 | D        | Received a gift from Okawaru
   861 | D        | Received a gift from Okawaru
   869 | D        | Reached skill level 5 in Invocations
  1128 | D        | Noticed Joseph
  1144 | D        | Killed Joseph
  1178 | D        | Noticed Psyche
  1194 | D        | Killed Psyche
  1306 | D        | Noticed an orc knight
  1309 | D        | Received a gift from Okawaru
  1312 | D        | Reached skill level 1 in Unarmed Combat
  1312 | D        | Reached XP level 11. HP: 107/107 MP: 6/15
  1319 | D        | Killed an orc knight
  1321 | D        | Noticed an orc knight
  1328 | D        | Killed an orc knight
  1328 | D        | Reached ****** piety under Okawaru
  1487 | D        | Noticed an orc knight
  1491 | D        | Noticed an orc knight
  1496 | D        | Received a gift from Okawaru
  1503 | D        | Killed an orc knight
  1506 | D        | Killed an orc knight
  1506 | D        | Received a gift from Okawaru
  1771 | D        | Found Visunn's Assorted Antiques.
  1771 | D        | Noticed a stone giant
  1771 | D        | Noticed an ogre mage
  1771 | D        | Noticed a stone giant
  1771 | D        | Noticed a deep troll
  1771 | D        | Noticed a stone giant
  1772 | D        | Noticed an ogre mage
  1773 | D        | Killed an ogre mage
  1773 | D        | Killed a deep troll
  1773 | D        | Received a gift from Okawaru
  1777 | D        | Killed an ogre mage
  1777 | D        | Noticed a deep troll
  1778 | D        | Reached skill level 10 in Throwing
  1778 | D        | Killed a stone giant
  1779 | D        | Killed a stone giant
  1779 | D        | Killed a deep troll
  1780 | D        | Reached skill level 10 in Invocations
  1783 | D        | Killed a stone giant
  1784 | D        | Noticed a deep troll
  1785 | D        | Found Hulyfoak's Antique Weapon Shoppe.
  1788 | D        | Found Sozoumiwur's Armour Emporium.
  1791 | D        | Killed a deep troll
  1791 | D        | Received a gift from Okawaru
  1843 | D        | Found Zetroune's Magic Scroll Shoppe.
  1848 | D        | Noticed a deep troll
  1851 | D        | Reached XP level 12. HP: 118/118 MP: 16/19
  1851 | D        | Noticed an ogre mage
  1857 | D        | Reached skill level 5 in Unarmed Combat
  1859 | D        | Killed an ogre mage
  2029 | D        | Got the +3 rapier of the Destroying Wasp {speed, rC- rN+
                  | Str+7}
  2099 | D        | Noticed a tengu warrior
  2103 | D        | Received a gift from Okawaru
  2103 | D        | Killed a tengu warrior
  2104 | D        | Noticed a tengu reaver
  2109 | D        | Reached skill level 15 in Fighting
  2109 | D        | Noticed an ice dragon
  2112 | D        | Killed a tengu reaver
  2117 | D        | Noticed an ice dragon
  2119 | D        | Killed an ice dragon
  2125 | D        | Killed an ice dragon
  2133 | D        | Noticed a stone giant
  2140 | D        | Killed a stone giant
  2140 | D        | Noticed a great orb of eyes
  2141 | D        | Reached skill level 15 in Armour
  2144 | D        | Killed a great orb of eyes
  2270 | D        | Noticed Agnes
  2306 | D        | Killed Agnes
  2307 | D        | Reached skill level 15 in Throwing
  2684 | D        | Noticed a nagaraja
  2686 | D        | Received a gift from Okawaru
  2687 | D        | Reached skill level 1 in Short Blades
  2687 | D        | Noticed an anaconda
  2688 | D        | Killed a nagaraja
  2689 | D        | Reached XP level 13. HP: 127/127 MP: 13/22
  2728 | D        | Noticed a spark wasp
  2731 | D        | Received a gift from Okawaru
  2736 | D        | Killed a spark wasp
  2737 | D        | Noticed an entropy weaver
  2743 | D        | Killed an entropy weaver
  2786 | D        | Noticed a bunyip
  2786 | D        | Noticed a bunyip
  2791 | D        | Killed a bunyip
  2792 | D        | Killed a bunyip
  2816 | D        | Reached skill level 15 in Invocations
  2970 | D        | Received a gift from Okawaru
  3000 | D        | Noticed Josephine
  3017 | D        | Killed Josephine
  3018 | D        | Noticed Frances
  3035 | D        | Killed Frances
  3061 | D        | Noticed Sonja
  3062 | D        | Killed Sonja
  3088 | D        | Noticed Kirke
  3099 | D        | Noticed a sphinx
  3104 | D        | Killed Kirke
  3104 | D        | Received a gift from Okawaru
  3239 | D        | Noticed a fire dragon
  3239 | D        | Noticed a white very ugly thing
  3243 | D        | Reached XP level 14. HP: 138/138 MP: 16/24
  3244 | D        | Reached skill level 5 in Short Blades
  3244 | D        | Received a gift from Okawaru
  3248 | D        | Killed a white very ugly thing
  3249 | D        | Noticed a vampire knight
  3255 | D        | Killed a vampire knight
  3260 | D        | Received a gift from Okawaru
  3261 | D        | Reached skill level 15 in Dodging
  3295 | D        | Noticed a stone giant
  3295 | D        | Noticed a cyan very ugly thing
  3301 | D        | Noticed a frost giant
  3308 | D        | Killed a stone giant
  3310 | D        | Killed a cyan very ugly thing
  3317 | D        | Killed a frost giant
  3694 | D        | Noticed an ironbound preserver
  3698 | D        | Killed an ironbound preserver
  3700 | D        | Received a gift from Okawaru
  4069 | D        | Noticed a vault warden
  4075 | D        | Killed a vault warden
  4076 | D        | Reached skill level 5 in Stealth
  4094 | D        | Received a gift from Okawaru
  4094 | D        | Noticed a vault warden
  4098 | D        | Killed a vault warden
  4109 | D        | Noticed an ironbound preserver
  4113 | D        | Killed an ironbound preserver
  4224 | D        | Noticed Snorg
  4236 | D        | Killed Snorg
  4322 | D        | Found the +8 frozen axe "Frostbite" {freezing cloud, *Noise
                  | Fly rC+}
  4346 | D        | Got the +0 cloak of the Crushed Ears {Str+8}
  5043 | D        | Bought a scroll of identify for 60 gold pieces
  5043 | D        | Bought an emerald potion for 27 gold pieces
  5050 | D        | Bought a scroll of blinking for 90 gold pieces
  5050 | D        | Bought a scroll of magic mapping for 42 gold pieces
  5682 | D        | Noticed a nagaraja
  5682 | D        | Noticed a nagaraja
  5682 | D        | Noticed a nagaraja
  5682 | D        | Noticed a nagaraja
  5684 | D        | Killed a nagaraja
  5684 | D        | Killed a nagaraja
  5684 | D        | Killed a nagaraja
  5685 | D        | Killed a nagaraja
  5686 | D        | Noticed a nagaraja
  5691 | D        | Killed a nagaraja
  5692 | D        | Noticed a nagaraja
  5701 | D        | Reached XP level 15. HP: 76/152 MP: 20/26
  5706 | D        | Killed a nagaraja
  6077 | D        | Got a serpentine rune of Zot
  6109 | D        | Reached skill level 1 in Shields
  6121 | D        | Reached skill level 10 in Shields
  6168 | D        | Got a gossamer rune of Zot
  6198 | D        | Identified the +0 ring mail of Ocunozu {Dex+4} (Okawaru
                  | gifted it to you in the Dungeon)
  6198 | D        | Received a gift from Okawaru
  6199 | D        | Reached skill level 15 in Shields
  6609 | D        | Got a decaying rune of Zot
  6620 | D        | Noticed Ilsuiw
  6623 | D        | Reached skill level 10 in Short Blades
  6625 | D        | Killed Ilsuiw
  6665 | D        | Reached skill level 15 in Short Blades
  6672 | D        | Got a barnacled rune of Zot
  6853 | D        | Received a gift from Okawaru
  6905 | D        | Reached XP level 16. HP: 142/161 MP: 27/27
  6908 | D        | Received a gift from Okawaru
  6981 | D        | Noticed a tengu reaver
  6985 | D        | Killed a tengu reaver
  6997 | D        | Noticed a shadow dragon
  6998 | D        | Identified the amulet "Amustrumn" {Reflect Str+2 SH+5}
  6999 | D        | Noticed a shadow dragon
  7003 | D        | Killed a shadow dragon
  7015 | D        | Killed a shadow dragon
  7085 | D        | Noticed a shadow dragon
  7085 | D        | Noticed an ancient lich
  7085 | D        | Noticed a shadow dragon
  7085 | D        | Noticed a shadow dragon
  7086 | D        | Noticed a quicksilver dragon
  7090 | D        | Killed an ancient lich
  7090 | D        | Received a gift from Okawaru
  7091 | D        | Killed a shadow dragon
  7091 | D        | Killed a quicksilver dragon
  7093 | D        | Noticed a shadow dragon
  7095 | D        | Killed a shadow dragon
  7101 | D        | Killed a shadow dragon
  7104 | D        | Identified the +11 battleaxe of Weupiracri {elec, rC++
                  | Will+ Dex+3 Stlth-}
  7109 | D        | Killed a shadow dragon
  7120 | D        | Got a silver rune of Zot
  7157 | D        | Noticed Mara
  7176 | D        | Killed Mara
  7218 | D        | Noticed Rupert
  7219 | D        | Noticed Nikola
  7222 | D        | Noticed Margery
  7232 | D        | Killed Rupert
  7244 | D        | Killed Nikola
  7245 | D        | Killed Margery
  7245 | D        | Received a gift from Okawaru
  7245 | D        | Received a gift from Okawaru
  7537 | D        | Got the ring "Zaorch" {rPois Will+ Dex+2}
  7540 | D        | Got the ring of Amorality {Wiz Str+5 Stlth+}
  7543 | D        | Got the ring "Boeb" {Will+ Str+3 Dex+4}
  7548 | D        | Got the amulet of Izaw {+Inv rPois Regen+ Stlth+}
  7574 | D        | Got the +3 storm dragon scales "Dodwy" {Drain Fly rElec
                  | SInv Stlth+}
  7670 | D        | Noticed a tengu reaver
  7671 | D        | Noticed a tengu reaver
  7671 | D        | Noticed Sojobo
  7688 | D        | Killed a tengu reaver
  7689 | D        | Reached skill level 27 in Shields
  7693 | D        | Killed a tengu reaver
  7693 | D        | Received a gift from Okawaru
  7699 | D        | Killed Sojobo
  7699 | D        | Identified the +5 ring mail of Hiydas {Int+2} (Okawaru
                  | gifted it to you in the Dungeon)
  7699 | D        | Received a gift from Okawaru
  7733 | D        | Noticed Mennas
  7775 | D        | Killed Mennas
  7905 | D        | Identified the +2 tower shield of Dust Devil {rN+ Regen+}
  7905 | D        | Noticed Louise
  7929 | D        | Killed Louise
  7959 | D        | Noticed a juggernaut
  7963 | D        | Reached XP level 17. HP: 139/168 MP: 18/28
  7968 | D        | Reached skill level 5 in Evocations
  7969 | D        | Killed a juggernaut
  7983 | D        | Reached skill level 10 in Evocations
  8003 | D        | Noticed a bone dragon
  8020 | D        | Killed a bone dragon
  8120 | D        | Reached skill level 27 in Fighting
  8157 | D        | Noticed a Killer Klown
  8157 | D        | Noticed an orb of fire
  8165 | D        | Gained mutation: Potions are less effective at restoring
                  | your health. [an orb of fire]
  8167 | D        | Killed a Killer Klown
  8167 | D        | Received a gift from Okawaru
  8175 | D        | Killed an orb of fire
  8221 | D        | Noticed a golden dragon
  8227 | D        | Killed a golden dragon
  8355 | D        | Noticed an Orb Guardian
  8355 | D        | Noticed an Orb Guardian
  8355 | D        | Noticed an Orb Guardian
  8355 | D        | Noticed an Orb Guardian
  8355 | D        | Noticed an Orb Guardian
  8355 | D        | Noticed an Orb Guardian
  8360 | D        | Killed an Orb Guardian
  8361 | D        | Noticed an Orb Guardian
  8365 | D        | Killed an Orb Guardian
  8366 | D        | Noticed an Orb Guardian
  8370 | D        | Killed an Orb Guardian
  8371 | D        | Noticed an Orb Guardian
  8377 | D        | Killed an Orb Guardian
  8378 | D        | Noticed an Orb Guardian
  8382 | D        | Killed an Orb Guardian
  8383 | D        | Reached XP level 18. HP: 200/200 MP: 24/30
  8392 | D        | Killed an Orb Guardian
  8397 | D        | Killed an Orb Guardian
  8403 | D        | Killed an Orb Guardian
  8404 | D        | Killed an Orb Guardian
  8407 | D        | Killed an Orb Guardian
  8407 | D        | Received a gift from Okawaru
  8413 | D        | Noticed an Orb Guardian
  8413 | D        | Noticed an Orb Guardian
  8423 | D        | Noticed an Orb Guardian
  8427 | D        | Killed an Orb Guardian
  8430 | D        | Killed an Orb Guardian
  8430 | D        | Noticed an Orb Guardian
  8431 | D        | Reached skill level 27 in Throwing
  8446 | D        | Killed an Orb Guardian
  8452 | D        | Killed an Orb Guardian
  8466 | D        | Noticed an ancient lich
  8482 | D        | Killed an ancient lich
  8484 | D        | Noticed an orb of fire
  8495 | D        | Killed an orb of fire
  8523 | D        | Noticed an electric golem
  8533 | D        | Killed an electric golem
  8536 | D        | Noticed a golden dragon
  8536 | D        | Noticed an electric golem
  8536 | D        | Noticed an Orb Guardian
  8536 | D        | Noticed an orb of fire
  8541 | D        | Killed a golden dragon
  8542 | D        | Reached skill level 27 in Long Blades
  8542 | D        | Killed an electric golem
  8542 | D        | Killed an Orb Guardian
  8548 | D        | Noticed an orb of fire
  8550 | D        | Gained mutation: You are partially covered in iridescent
                  | scales. (AC +2) [an orb of fire]
  8552 | D        | Killed an orb of fire
  8570 | D        | Killed an orb of fire
  8571 | D        | Noticed a tentacled monstrosity
  8600 | D        | Killed a tentacled monstrosity
  8600 | D        | Received a gift from Okawaru
  8601 | D        | Noticed an orb of fire
  8602 | D        | Noticed a Killer Klown
  8602 | D        | Noticed an electric golem
  8603 | D        | Gained mutation: You are frail. (-10% HP) [an orb of fire]
  8616 | D        | Killed a Killer Klown
  8617 | D        | Killed an electric golem
  8626 | D        | Gained mutation: You are clumsy. (Dex -2) [an orb of fire]
  8627 | D        | Killed an orb of fire
  8687 | D        | Noticed an Orb Guardian
  8687 | D        | Noticed an Orb Guardian
  8687 | D        | Noticed an Orb Guardian
  8687 | D        | Noticed an Orb Guardian
  8687 | D        | Noticed an Orb Guardian
  8687 | D        | Noticed an Orb Guardian
  8693 | D        | Killed an Orb Guardian
  8706 | D        | Killed an Orb Guardian
  8707 | D        | Noticed an Orb Guardian
  8713 | D        | Killed an Orb Guardian
  8716 | D        | Killed an Orb Guardian
  8717 | D        | Reached skill level 27 in Armour
  8717 | D        | Noticed an Orb Guardian
  8725 | D        | Killed an Orb Guardian
  8726 | D        | Noticed an Orb Guardian
  8730 | D        | Noticed an Orb Guardian
  8732 | D        | Killed an Orb Guardian
  8735 | D        | Noticed an Orb Guardian
  8737 | D        | Killed an Orb Guardian
  8746 | D        | Killed an Orb Guardian
  8747 | D        | Reached skill level 27 in Invocations
  8751 | D        | Killed an Orb Guardian
  8752 | D        | Reached skill level 1 in Spellcasting
  8759 | D        | Killed an Orb Guardian
  8760 | D        | Killed an Orb Guardian
  8761 | D        | Noticed an Orb Guardian
  8772 | D        | Killed an Orb Guardian
  8773 | D        | Reached XP level 19. HP: 150/186 MP: 33/35
  8860 | D        | Noticed an ancient lich
  8863 | D        | Killed an ancient lich
  8863 | D        | Noticed an ancient lich
  8864 | D        | Reached skill level 5 in Slings
  8870 | D        | Killed an ancient lich
  8870 | D        | Identified the +9 dagger of Pewa {flame, Fly MP+9 Str+2
                  | Dex+4} (Okawaru gifted it to you in the Dungeon)
  8870 | D        | Received a gift from Okawaru
  8880 | D        | Noticed an ancient lich
  8909 | D        | Killed an ancient lich
  8910 | D        | Reached skill level 10 in Unarmed Combat
  8915 | D        | Reached skill level 5 in Spellcasting
  9056 | D        | Reached skill level 10 in Stealth
  9079 | D        | Reached skill level 10 in Slings
  9118 | D        | Got an elven rune of Zot
  9156 | D        | Received a gift from Okawaru
  9218 | D        | HP: 7/186 [acid blob (26)]
  9218 | D        | Splashed by an acid blob's acid

Illustrated notes

Levels and vault maps discovered:
D:        linesprint [early_d, line_temple, items_1, d_10, items_2, lair_1,
          lair_end, items_3, orc_1, orc_end, items_4, d_15, swamp_1, shoals_1,
          snake_1, spider_1, d_20, vaults_1, items_5, swamp_end, shoals_end,
          snake_end, spider_end, vaults_end, d_27, items_6, zot_1, zot_end,
          crypt_end, forest_end, elf_end, slime_end, tomb_end, abyss_end,
          pan_hell_end]

Skill      XL: |  1  2  3  4  5  6  7  8  9 10 11 12 13 14 15 16 17 18 19 |
---------------+----------------------------------------------------------+-----
Long Blades    | 4 7 9 12 13 15 16 18 19 21 23 27 | 27.0
Dodging        | 4 6 7 10 12 13 14 17 20 21 22 | 22.7
Fighting       | 4 6 8 10 11 13 14 15 16 19 27 | 27.0
Throwing       | 3 5 6 8 11 16 20 23 26 27 | 27.0
Armour         | 2 4 6 9 10 12 14 15 16 17 23 24 27 | 27.0
Stealth        | 1 2 3 4 5 6 7 11 | 11.1
Invocations    | 3 6 11 13 15 17 18 27 | 27.0
Unarmed Combat | 1 4 5 7 12 | 12.1
Short Blades   | 1 4 9 21 23 24 26 | 26.4
Shields        | 17 27 | 27.0
Evocations     | 4 11 14 | 14.1
Slings         | 4 11 | 11.0
Spellcasting   | 2 6 |  6.8

Action                   |  1- 3 |  4- 6 |  7- 9 | 10-12 | 13-15 | 16-18 | 19-21 || total
-------------------------+-------+-------+-------+-------+-------+-------+-------++-------
Melee: Long sword        |    16 |       |       |       |       |       |       ||    16
       Headbutt          |     4 |     4 |    10 |    17 |    92 |   165 |    64 ||   356
       Scimitar          |     1 |     5 |    30 |    43 |    19 |       |       ||    98
       Unarmed           |       |       |       |    12 |       |       |       ||    12
       Great sword       |       |       |       |    11 |    16 |       |       ||    27
       Rapier            |       |       |       |    10 |   207 |    71 |       ||   288
       Punch             |       |       |       |       |     8 |       |       ||     8
       Demon blade       |       |       |       |       |       |   388 |    33 ||   421
       Eudemon blade     |       |       |       |       |       |       |   122 ||   122
Throw: Throwing net      |     1 |       |       |     1 |     4 |     5 |       ||    11
       Javelin           |       |       |     3 |    56 |   113 |    85 |     7 ||   264
       Boomerang         |       |       |       |    25 |    75 |    25 |     3 ||   128
       Dart              |       |       |       |     7 |     1 |     2 |       ||    10
Invok: Heroism           |       |       |     3 |    12 |    10 |    13 |     3 ||    41
       Finesse           |       |       |     2 |     9 |     9 |    12 |     3 ||    35
 Abil: Evoke Invisibilit |       |       |       |       |       |     1 |       ||     1
Evoke: Tin of tremorston |       |       |       |       |       |     2 |       ||     2
  Use: Potion            |     1 |       |     1 |     5 |     1 |     1 |       ||     9
       Scroll            |       |       |       |     1 |     6 |    16 |       ||    23
 Stab: Held in net/web   |     1 |       |       |       |     2 |       |       ||     3
       Invisible         |       |       |       |       |     2 |       |       ||     2
Armor: Leather armour    |     5 |       |       |       |       |       |       ||     5
       Plate armour      |     3 |     1 |    22 |     8 |       |       |       ||    34
       Skin              |       |       |       |     2 |       |       |       ||     2
       Chain mail        |       |       |       |     9 |    44 |     2 |       ||    55
       Gold dragon scale |       |       |       |       |       |    44 |    16 ||    60
Dodge: Dodged            |    12 |     2 |    18 |    33 |    72 |    83 |    31 ||   251
Block: Kite shield       |       |       |       |       |    34 |    22 |       ||    56
       Buckler           |       |       |       |       |       |    15 |       ||    15
       Tower shield      |       |       |       |       |       |   134 |    49 ||   183

Table legend: (Time is in decaauts)
 A = Elapsed time spent in this place.
 B = Non-inter-level travel time spent in this place.
 C = Inter-level travel time spent in this place.
 D = Time resting spent in this place.
 E = Time spent auto-exploring this place.
 F = Levels seen in this place.
 G = Mean time per level.
                   A        B        C        D        E       F      G
               +--------+--------+--------+--------+--------+-----+--------+
         Total |   8311 |   7237 |   1074 |   3357 |      3 |   1 | 8311.0 |
       Dungeon |   8311 |   7237 |   1074 |   3357 |      3 |   1 | 8311.0 |
               +--------+--------+--------+--------+--------+-----+--------+

Top non-repeatable levels by time:
       D: 8311 daAuts
